 Dungeon Crawl Stone Soup version 0.23.0-3-gf3c87f2 (webtiles) character file.

Game seed: 4676567596872211317

27 Lavandula the Cudgeler (level 2, -14/27 HPs)
             Began as a Troll Wanderer on Feb 23, 2019.
             Killed from afar by a white imp (15 damage)
             ... with a puff of frost
             ... summoned by Natasha
             ... on level 2 of the Dungeon.
             The game lasted 00:01:02 (486 turns).

Lavandula the Cudgeler (Troll Wanderer)              Turns: 486, Time: 00:01:03

Health: -14/27     AC:  7    Str: 17    XL:     2   Next: 93%
Magic:  2/2        EV:  9    Int: 10    God:
Gold:   40         SH:  0    Dex:  9    Spells: 2/3 levels left

rFire    + . .     SeeInvis .     - Unarmed
rCold    x . .     Gourm    +   (no shield)
rNeg     . . .     Faith    .   d - +0 robe
rPois    .         Spirit   .   (helmet restricted)
rElec    .         Reflect  .   b - +0 cloak
rCorr    .         Harm     .   (gloves unavailable)
MR       .....                  (boots unavailable)
Stlth    +.........             (no amulet)
HPRegen  0.49/turn              i - ring of fire
MPRegen  0.08/turn              (no ring)

@: slowed, very slow
A: large, unfitting armour, claws 3, fast metabolism 3, gourmand, regeneration
1, shaggy fur 1, tough skin 3
a: no special abilities


You were on level 2 of the Dungeon.
You were completely stuffed.

You visited 1 branch of the dungeon, and saw 2 of its levels.

You collected 40 gold pieces.

Inventory:

Hand Weapons
 e - a +0 club
Armour
 b - a +0 cloak (worn)
 d - a +0 robe (worn)
Jewellery
 i - a ring of fire (left claw)
Scrolls
 g - a scroll of noise {unknown}
Potions
 c - 2 potions of curing
 h - a potion of might {unknown}
Miscellaneous
 a - a phial of floods
Comestibles
 f - 3 rations


   Skills:
 - Level 1.5 Fighting
 - Level 2.2 Maces & Flails
 - Level 1.0 Dodging
 + Level 2.2 Unarmed Combat
 - Level 1.0 Spellcasting
   Level 1.5 Necromancy
 - Level 1.3 Evocations


You had 2 spell levels left.
You knew the following spells:

 Your Spells              Type           Power        Failure   Level  Hunger
a - Sandblast             Erth           #.....       34%         1    ##.....

Your spell library contained the following spells:

 Spells                   Type           Power        Failure   Level  Hunger
 Stone Arrow              Conj/Erth      #.....       71%         3    ####...


Dungeon Overview and Level Annotations

Branches:
Dungeon (2/15)

Altars:

Annotations:
D:2 Natasha


Innate Abilities, Weirdness & Mutations

You are too large for most types of armour.
You have claws for hands.
Your metabolism is lightning-fast.
You like to eat raw meat.
Your natural rate of healing is unusually fast.
You are covered in fur. (AC +1)
You have extremely tough skin. (AC +3)


Message History

You hear some strange, mumbled words.
A magic dart appears from out of thin air!
The magic dart hits you. The white imp hits you. The white imp freezes you.
You feel a terrible chill!
You miss something.
You hear some strange, mumbled words.
You scratch something but do no damage.
The white imp hits you but does no damage.
You hear some strange, mumbled words.
You feel yourself slow down.
You hear a shout!
You barely miss something. The white imp hits you. The white imp freezes you.
You feel a terrible chill!
* * * LOW HITPOINT WARNING * * *
Something claws you!
* * * LOW HITPOINT WARNING * * *
The white imp gestures at you. The puff of frost hits you!
You feel a terrible chill!
Ouch! That really hurt!
You die...

#....# ....#
#...# ...# #..#
#..#
#.#######..##
..........#.##
.......5@###.##
.......{## ##.#
########.
##.####
#<#.....#
#.####.# ###
#.# #.# ### #.#
..# #.#


You could see a white imp.

Vanquished Creatures
  An adder (D:2)
  A leopard gecko (D:1)
  2 giant cockroaches (D:1)
  4 goblins (D:1)
  A hobgoblin (D:1)
  4 bats
  2 kobolds (D:1)
15 creatures vanquished.

Notes
Turn   | Place    | Note
-------+----------+-------------------------------------------
     0 | D:1      | Lavandula the Troll Wanderer began the quest for the Orb.
     0 | D:1      | Lavandula set off with the following items: a phial of
                  | floods, a potion of curing, a +0 robe, a +0 club, 2
                  | rations; and the following spell memorised: Sandblast; and
                  | the following spells available to memorise: Stone Arrow
     0 | D:1      | Reached XP level 1. HP: 19/19 MP: 1/1
   147 | D:1      | Reached skill level 1 in Unarmed Combat
   147 | D:1      | Reached XP level 2. HP: 27/27 MP: 2/2
   474 | D:2      | Noticed Natasha
   486 | D:2      | HP: 1/27 [something (7)]
   486 | D:2      | Killed from afar by a white imp

Skill      XL: |  1  2 |
---------------+-------+-----
Maces & Flails | 2 |  2.2
Unarmed Combat | 1 2 |  2.2
Fighting       | |  1.5
Dodging        | |  1.0
Spellcasting   | |  1.0
Necromancy     | |  1.5
Evocations     | |  1.3

Action                   || total
-------------------------++-------
Melee: Club              ||    13
       Unarmed           ||    40
  Eat: Chunk             ||    10
Armor: Robe              ||    42
Dodge: Dodged            ||    25
